 Dungeon Crawl Stone Soup version 0.28-a0-1286-g6bde065e89 (webtiles) character file.

Game seed: 13123472272606992981

42 rogsnak the Gusty (level 3, -4/24 HPs)
             Began as a Demonspawn Air Elementalist on Dec 27, 2021.
             Slain by a black bear (9 damage)
             ... on level 2 of the Dungeon.
             The game lasted 00:03:24 (1925 turns).

rogsnak the Gusty (Demonspawn Air Elementalist)     Turns: 1925, Time: 00:03:25

Health: -4/24      AC:  5    Str:  8    XL:     3   Next: 35%
Magic:  0/6        EV: 12    Int: 18    God:
Gold:   69         SH:  0    Dex: 13    Spells: 6/7 levels left

rFire   . . .      SeeInvis .   e - +0 flail
rCold   . . .      Faith    .   (no shield)
rNeg    . . .      Spirit   .   a - +0 robe
rPois   .          Reflect  .   g - +0 helmet
rElec   .          Harm     .   (no cloak)
rCorr   .          Rampage  .   (no gloves)
Will    .....                   (no boots)
Stlth   ++........              (no amulet)
HPRegen 0.08/turn               (no ring)
MPRegen 0.10/turn               (no ring)

@: very slightly contaminated
A: thin metallic scales 1
a: no special abilities


You were on level 2 of the Dungeon.
You visited 1 branch of the dungeon, and saw 2 of its levels.

You collected 69 gold pieces.

Inventory:

Hand Weapons
 c - a +0 whip
 e - a +0 flail (weapon)
Missiles
 d - 26 stones
 f - 13 poisoned darts
Armour
 a - a +0 robe (worn)
 g - a +0 helmet (worn)
Magical Staves
 j - a staff of cold
Scrolls
 b - a scroll of identify {unknown}
 k - a scroll of vulnerability {unknown}
 l - a scroll of blinking {unknown}
Potions
 h - a potion of might {unknown}
 i - a potion of experience {unknown}


   Skills:
 + Level 0.2 Fighting
 + Level 2.1 Dodging
 - Level 1.7 Stealth
 + Level 2.5 Spellcasting
 * Level 1.6 Conjurations
 + Level 3.1 Air Magic


You had 6 spell levels left.
You knew the following spells:

 Your Spells              Type           Power      Damage    Failure   Level
a - Shock                 Conj/Air       40%        1d5       6%          1

Your spell library contained the following spells:

 Spells                   Type           Power      Damage    Failure   Level
 Static Discharge         Conj/Air       10%        N/A       10%         2
 Swiftness                Air            13%        N/A       14%         3
 Airstrike                Air            6%         N/A       43%         4


Dungeon Overview and Level Annotations

Branches:
Dungeon (2/15)

Altars:


Innate Abilities, Weirdness & Mutations

You are partially covered in thin metallic scales. (AC +2)


Message History

The zap misses the black bear.
The zap hits the black bear.
The black bear is heavily wounded.
The black bear barely misses you. The black bear claws you.
The black bear claws you but does no damage.
Unknown command.
Casting: Shock (safe; 6% risk of failure)
Confirm with . or Enter, or press ? or * to list all spells.
Aiming: Shock (safe; 6% risk of failure)
Press: ? - help, Shift-Dir - straight line The zap hits the black bear.
The black bear is heavily wounded.
The zap hits the black bear.
The black bear is heavily wounded.
The black bear completely misses you. The black bear closely misses you.
The black bear barely misses you.
Casting: Shock (safe; 6% risk of failure)
Confirm with . or Enter, or press ? or * to list all spells.
Aiming: Shock (safe; 6% risk of failure)
Press: ? - help, Shift-Dir - straight line The zap hits the black bear.
The black bear is severely wounded.
The zap hits the black bear.
The black bear is severely wounded.
The black bear closely misses you. x2; The black bear barely misses you.
Casting: Shock (safe; 6% risk of failure)
Confirm with . or Enter, or press ? or * to list all spells.
You don't have enough magic to cast this spell.
Unknown command.
Unknown command.
You hit the black bear but do no damage.
The black bear is severely wounded.
The black bear goes berserk!
Unknown command.
Unknown command.
You hit the black bear.
The black bear is almost dead.
The black bear bites you. The black bear misses you. The black bear claws you.
* * * LOW HITPOINT WARNING * * *
The black bear bites you!
You die...

#.##............##.#
#.############.###.. . #.# #.#
### . #.#### #.# .## #....# ##+##
..# ####.# ##...## #.### #.#
##.....## ..#.## ##.##
##.......##
#....###########@..####.........#
)..............h......'.........+
#....###########†..####.........#
#.#.## ##.## ##.......## #.#.#
###.# ##.....## #..#$ #...#
##...## #.# #. #.### ##'## ##. ##
#.# #.# # #.# #########.#


You could see a black bear (berserk).

Vanquished Creatures
  An adder (D:2)
  A worm (D:2)
  4 ball pythons
  5 giant cockroaches
  2 goblins
  5 hobgoblins (D:1)
  A quokka (D:1)
  4 bats
  A frilled lizard (D:1)
  5 kobolds
  2 rats (D:1)
31 creatures vanquished.

Vanquished Creatures (others)
  38 plants (D:1)
38 creatures vanquished.

Grand Total: 69 creatures vanquished

Notes
Turn   | Place    | Note
-------+----------+-------------------------------------------
     0 | D:1      | rogsnak the Demonspawn Air Elementalist began the quest for
                  | the Orb.
     0 | D:1      | Reached XP level 1. HP: 13/13 MP: 3/3
   670 | D:1      | Gained mutation: You are partially covered in thin metallic
                  | scales. (AC +2) [demonic ancestry]
   670 | D:1      | Reached XP level 2. HP: 17/19 MP: 1/5
   727 | D:1      | Reached skill level 3 in Air Magic
  1157 | D:1      | Found a faded altar of an unknown god.
  1493 | D:2      | Reached XP level 3. HP: 24/24 MP: 3/6
  1898 | D:2      | Noticed a black bear
  1925 | D:2      | Slain by a black bear

Illustrated notes

Levels and vault maps discovered:
D:1:      roderic_crop_circles_arrival_small, layout_basic,
          hellmonk_ecumenical_altar_arch_garden
D:2:      layout_loops_corners

Skill      XL: |  1  2 |
---------------+-------+-----
Dodging        | 2 |  2.1
Air Magic      | 3 |  3.1
Fighting       | |  0.2
Stealth        | |  1.7
Spellcasting   | |  2.5
Conjurations   | |  1.6

Action                   || total
-------------------------++-------
Melee: Whip              ||    23
       Unarmed           ||    14
       Flail             ||    14
 Cast: Shock             ||    55
Armor: Robe              ||    12
Dodge: Dodged            ||    49

Table legend: (Time is in decaauts)
 A = Elapsed time spent in this place.
 B = Non-inter-level travel time spent in this place.
 C = Inter-level travel time spent in this place.
 D = Time resting spent in this place.
 E = Time spent auto-exploring this place.
 F = Levels seen in this place.
 G = Mean time per level.
                   A        B        C        D        E       F      G
               +--------+--------+--------+--------+--------+-----+--------+
         Total |   1931 |   1921 |     10 |    615 |    989 |   2 |  965.5 |
       Dungeon |   1931 |   1921 |     10 |    615 |    989 |   2 |  965.5 |
               +--------+--------+--------+--------+--------+-----+--------+

Top non-repeatable levels by time:
     D:1: 1455 daAuts
     D:2: 475 daAuts
